AoeStats
← Covid19

Oasis

509684642Analyzed
2v2 RM · 4d ago on Sep 27, 2026· 50m 35s· 4 players
Game mode
Random Map
Map size
Medium (4 player)
Population
200
Speed
Normal
Resources
Standard
Victory
Conquest
Starting age
Dark Age
Ending age
Imperial Age
RankedLock teamsTeams togetherTeam positionsShared explorationLock speedFull tech treeHidden civsTurbo modeCheats
Victory
Defeat
🇩🇪 Britons · Germany
1159
+13
🇩🇪 Goths · Germany
1091
+17
🇩🇪 Goths · Germany
1103
-15
🇩🇪 Magyars · Germany
1092
-15
Covid19
8:14 Loom
10:39 Feudal Age
11:47 Double-Bit Axe
11:44 Horse Collar
12:54 Town Watch
18:26 Castle Age
17:41 Stone Mining
20:03 Wheelbarrow
20:07 Bow Saw
23:58 Gold Mining
24:40 Caravan
28:35 Hand Cart
29:05 Gold Shaft Mining
33:22 Imperial Age
32:59 Fletching
33:10 Padded Archer Armor
34:30 Thumb Ring
34:51 Parthian Tactics
33:47 Heavy Cavalry Archer
34:56 Bodkin Arrow
36:42 Two-Man Saw
36:18 Ballistics
39:06 Bracer
40:21 Recurve Bow
41:26 Conscription
41:58 Scale Barding Armor
42:32 Husbandry
42:57 Bloodlines
42:20 Elite Magyar Huszar
45:43 Leather Archer Armor
46:42 Chain Barding Armor
Event 201
1:48 Loom
15:29 Feudal Age
15:35 Man-at-Arms
16:35 Double-Bit Axe
16:35 Horse Collar
19:45 Scale Mail Armor
21:34 Forging
24:40 Castle Age
25:50 Chain Mail Armor
26:10 Iron Casting
25:50 Bow Saw
34:57 Long Swordsman
35:38 Squires
38:07 Wheelbarrow
Drachenlord93
8:36 Loom
10:29 Feudal Age
11:03 Double-Bit Axe
17:35 Castle Age
17:58 Pikeman
19:29 Scale Mail Armor
23:05 Horse Collar
23:44 Bow Saw
23:50 Gold Mining
27:35 Wheelbarrow
29:17 Chain Mail Armor
31:16 Forging
31:59 Hand Cart
31:55 Anarchy
32:40 Squires
34:58 Iron Casting
35:52 Padded Archer Armor
40:20 Leather Archer Armor
42:53 Imperial Age
41:13 Heavy Plow
44:51 Ring Archer Armor
45:21 Blast Furnace
43:53 Elite Huskarl
48:00 Fletching
51:01 Two-Man Saw
50:36 Crop Rotation
49:59 Stone Mining
Forlong
3:11 Loom
11:28 Feudal Age
16:11 Castle Age
14:35 Double-Bit Axe
14:51 Horse Collar
17:36 Bow Saw
17:27 Heavy Plow
22:11 Fletching
24:47 Bodkin Arrow
28:03 Wheelbarrow
28:16 Stone Mining
31:51 Imperial Age
29:26 Padded Archer Armor
30:12 Hand Cart
29:43 Town Watch
30:08 Scale Mail Armor
30:57 Yeomen
31:35 Ballistics
31:56 Coinage
31:30 Squires
31:33 Gold Mining
31:08 Crossbowman
33:15 Conscription
33:14 Bracer
34:26 Chemistry
33:31 Pikeman
34:28 Leather Archer Armor
34:29 Chain Mail Armor
34:20 Gambesons
36:05 Ring Archer Armor
35:51 Arbalester
36:25 Halberdier
37:30 Masonry
38:04 Town Patrol
37:27 Capped Ram
40:52 Gold Shaft Mining
41:19 Two-Man Saw
40:37 Treadmill Crane
41:42 Guilds
41:43 Arson
42:30 Plate Mail Armor
42:11 Forging
43:27 Elite Longbowman
46:25 Banking
46:00 Caravan
46:37 Iron Casting
46:07 Scale Barding Armor
48:16 Warwolf
Connection lost

Rejoining the realm…

Still unreachable

The connection could not be restored.

Session expired

The server has moved on; the page needs a fresh start.